 Dungeon Crawl Stone Soup version 0.23-a0-404-g0063841 (webtiles) character file.

3604 ozpin88 the Basher (level 10, 0/94 HPs)
             Began as a Gargoyle Berserker on Nov 5, 2018.
             Was a High Priest of Trog.
             Slain by a komodo dragon (17 damage)
             ... on level 8 of the Dungeon.
             The game lasted 00:31:41 (7690 turns).

ozpin88 the Basher (Gargoyle Berserker)             Turns: 7690, Time: 00:31:42

Health: 0/94       AC: 26    Str: 29    XL:     10   Next: 10%
Magic:  10/10      EV: 12    Int:  8    God:    Trog [*****.]
Gold:   319        SH:  0    Dex:  9    Spells: 9/9 levels left

rFire    . . .     SeeInvis +   I - +0 battleaxe
rCold    . . .     Gourm    .   (shield currently unavailable)
rNeg     + . .     Faith    .   G - +0 plate armour
rPois    ∞         Spirit   .   w - +2 helmet
rElec    +         Reflect  .   H - scarf {repulsion}
rCorr    .         Harm     .   r - +1 pair of gloves
MR       .....                  M - +0 pair of boots
Stlth    ..........             (no amulet)
HPRegen  0.25/turn              d - +3 ring of evasion
MPRegen  0.12/turn              k - ring of see invisible

@: berserking, repel missiles, very quick
A: negative energy resistance 1, electricity resistance, unbreathing,
petrification resistance, rot immunity, AC +7
a: Berserk, Trog's Hand, Brothers in Arms, Renounce Religion


You were on level 8 of the Dungeon.
You worshipped Trog.
Trog was extremely pleased with you.
You were not hungry.

You visited 1 branch of the dungeon, and saw 8 of its levels.

You collected 599 gold pieces.
You spent 280 gold pieces at shops.

Inventory:

Hand Weapons
 b - a +0 flail
 y - a +1 great mace
 I - a +0 battleaxe (weapon)
Missiles
 n - 4 tomahawks (quivered)
 F - 6 silver tomahawks
Armour
 l - a +0 cloak
 r - a +1 pair of gloves (worn)
 w - a +2 helmet (worn)
 E - a +0 shield
 G - a +0 plate armour (worn)
 H - a scarf of repulsion (worn)
 M - a +0 pair of boots (worn)
Jewellery
 d - a +3 ring of evasion (left hand)
 g - an uncursed ring of positive energy
 k - a ring of see invisible (right hand)
Wands
 z - a wand of disintegration (27)
 B - a wand of flame (11)
Scrolls
 i - 2 scrolls of magic mapping
 j - 3 scrolls of teleportation
 m - a scroll of noise
 o - 5 scrolls of identify
 p - 2 scrolls of amnesia
 t - 2 scrolls of enchant weapon
 x - a scroll of blinking
 D - a scroll of immolation {unknown}
 J - a scroll of torment {unknown}
 K - 2 scrolls of enchant armour
 L - a scroll of remove curse
Potions
 a - a potion of magic {unknown}
 e - 2 potions of mutation
 f - 2 potions of agility
 h - 6 potions of curing
 q - a potion of haste
 s - a potion of cancellation {unknown}
 u - a potion of ambrosia {unknown}
 v - 2 potions of brilliance
 A - 3 potions of heal wounds
 C - a potion of lignification {unknown}
 N - a potion of degeneration {unknown}
Comestibles
 c - 9 rations
 O - 5 chunks of flesh


   Skills:
 + Level 7.3 Fighting
 * Level 4.4(6.9) Axes
 - Level 9.1(9.7) Maces & Flails
 + Level 6.3 Armour
 + Level 5.1 Dodging


You had 9 spell levels left.
You didn't know any spells.
Your spell library was empty.

Dungeon Overview and Level Annotations

Branches:
Dungeon (8/15)             Temple (0/1) D:4
   Lair: D:8-11

Altars:
Gozag
Ru
Wu Jian
Beogh

Shops:
D:6 (?[!


Innate Abilities, Weirdness & Mutations

You are resistant to torment.
Your stone body is resilient. (AC +7)
You are immune to poison.
You resist negative energy. (rN+)
You are resistant to electric shocks. (rElec)
You can survive without breathing.
You are immune to petrification.
You are immune to rotting.


Message History

You resist with some effort. The steam dragon breathes steam at you.
The ball of steam hits you!
You hear an angry hiss.
You are engulfed in a cloud of scalding steam.
The basilisk is engulfed in a cloud of scalding steam.
A red film seems to cover your vision as you go berserk!
You feel yourself moving faster!
You feel mighty!
You feel a lot more hungry. The komodo dragon bites you!
* * * LOW HITPOINT WARNING * * *
The basilisk bites you.
* * * LOW HITPOINT WARNING * * *
The steam dragon closely misses you. The steam dragon barely misses you.
You are too injured to fight recklessly!
You are too injured to fight recklessly!
You closely miss the basilisk.
The basilisk is heavily wounded.
You closely miss the steam dragon. You barely miss the komodo dragon.
The komodo dragon bites you!
You die...

##.#.###..######.............# #
....#.....#................#.# #
.[...####....###.#.#.........####
##.#.# #..........<.......#.....
##### #########################
############..##.#
##......†...##.#..# .
##....###.......D.##.... ##..####
###....@ll...... ..##.#
##.###l....... ###### ###
.##...... .# #...#. ## .##.. # #
####### #### #######
#.##..####..#####.....#
#.##......#....##.###.#


You could see a komodo dragon, a basilisk, a steam dragon and a wyvern.

Vanquished Creatures
  A kobold demonologist (D:8)
  A troll (D:7)
  Sigmund (D:3)
  2 wyverns (D:8)
  6 orc warriors
  An ice beast (D:4)
  2 sky beasts
  A phantom (D:8)
  A black bear (D:5)
  2 ogres
  A crocodile (D:8)
  2 bullfrogs
  A wyvern skeleton (D:8)
  2 scorpions
  A howler monkey (D:6)
  3 crimson imps (D:5)
  2 jellies
  5 orc priests
  3 hounds
  12 orc wizards
  5 worker ants
  Natasha (D:3)
  An iguana (D:4)
  A howler monkey zombie (D:8)
  6 adders
  3 oozes
  An adder zombie (D:8)
  2 adder skeletons (D:5)
  A dart slug (D:4)
  2 leopard geckos
  35 orcs
  8 giant cockroaches
  9 goblins
  8 hobgoblins
  7 jackals
  19 kobolds
  15 bats
  5 frilled lizards
  A quokka skeleton (D:4)
  A quokka zombie (D:6)
  13 rats
194 creatures vanquished.

Vanquished Creatures (others)
  An iguana (D:8)
1 creature vanquished.

Grand Total: 195 creatures vanquished

Notes
Turn   | Place    | Note
-------+----------+-------------------------------------------
     0 | D:1      | ozpin88 the Gargoyle Berserker began the quest for the Orb.
     0 | D:1      | Reached XP level 1. HP: 14/14 MP: 1/1
   107 | D:1      | Reached XP level 2. HP: 18/19 MP: 2/2
   315 | D:1      | Reached ** piety under Trog
   323 | D:1      | Reached XP level 3. HP: 18/23 MP: 3/3
  1132 | D:2      | Reached skill level 4 in Maces & Flails
  1132 | D:2      | Reached XP level 4. HP: 28/28 MP: 4/4
  1922 | D:3      | Reached XP level 5. HP: 33/33 MP: 5/5
  2023 | D:3      | Reached *** piety under Trog
  2052 | D:3      | Noticed Sigmund
  2063 | D:3      | Killed Sigmund
  2063 | D:3      | Reached skill level 5 in Maces & Flails
  2063 | D:3      | Reached XP level 6. HP: 38/38 MP: 6/6
  2205 | D:4      | Noticed Natasha
  2217 | D:3      | Killed Natasha
  2488 | D:4      | Reached XP level 7. HP: 26/44 MP: 7/7
  2726 | D:4      | Reached skill level 6 in Maces & Flails
  3029 | D:4      | Found a staircase to the Ecumenical Temple.
  3422 | D:5      | Entered Level 5 of the Dungeon
  3474 | D:5      | Found an ornate altar of the Wu Jian Council.
  3474 | D:5      | Found an opulent altar of Gozag.
  3525 | D:5      | Reached skill level 5 in Fighting
  3525 | D:5      | Reached skill level 7 in Maces & Flails
  3525 | D:5      | Reached XP level 8. HP: 42/49 MP: 8/8
  3541 | D:5      | Reached **** piety under Trog
  3988 | D:6      | Found Sosch's Armour Boutique.
  3992 | D:6      | Bought a +2 helmet for 165 gold pieces
  3992 | D:6      | Bought a +0 shield for 45 gold pieces
  4018 | D:6      | Found Akabucuh's Distillery.
  4038 | D:6      | Reached skill level 8 in Maces & Flails
  4122 | D:6      | Bought a potion of heal wounds for 70 gold pieces
  4511 | D:6      | Found Ciatuitz's Weapon Shop.
  4526 | D:6      | Reached XP level 9. HP: 55/55 MP: 9/9
  4773 | D:6      | Found Bouppoci's Magic Scroll Shop.
  4995 | D:6      | You fall through a shaft!
  5337 | D:7      | Reached skill level 9 in Maces & Flails
  5344 | D:7      | Reached skill level 5 in Armour
  5762 | D:7      | Found a transporter.
  5764 | D:7      | Noticed a troll
  5765 | D:7      | Found a roughly hewn altar of Beogh.
  5765 | D:7      | Found a transporter.
  6128 | D:7      | Reached skill level 1 in Axes
  6154 | D:7      | Killed a troll
  6787 | D:8      | Found a sacrificial altar of Ru.
  7518 | D:8      | Noticed a kobold demonologist
  7526 | D:8      | Killed a kobold demonologist
  7526 | D:8      | Reached skill level 5 in Dodging
  7526 | D:8      | Reached XP level 10. HP: 63/63 MP: 10/10
  7536 | D:8      | Reached ***** piety under Trog
  7690 | D:8      | Slain by a komodo dragon

Vault maps used:
D:1:      dpeg_arrival_arbitrary_a
D:3:      first_ration, kennysheep_potato, uniq_sigmund
D:4:      minmay_temple_entry_fiery, uniq_natasha
D:5:      gammafunk_temple_overflow_elements
D:6:      serial_shops, nicolae_shop_statue_plus, shop, nicolae_shop_stone,
          nicolae_shop_stone
D:7:      gammafunk_beogh_shrine
D:8:      nicolae_ru_path_of_blood, erik_lair_dragon

Skill      XL: |  1  2  3  4  5  6  7  8  9 |
---------------+----------------------------+-----
Dodging        | 2 3 4 5 |  5.1
Maces & Flails | 4 5 7 8 9 |  9.1
Fighting       | 4 5 7 |  7.3
Armour         | 3 4 6 |  6.3
Axes           | 4 |  4.4

Action                   |  1- 3 |  4- 6 |  7- 9 | 10-12 || total
-------------------------+-------+-------+-------+-------++-------
Melee: Mace              |   119 |   174 |    58 |       ||   351
       Flail             |       |       |    85 |       ||    85
       Great mace        |       |       |   148 |       ||   148
       Battleaxe         |       |       |   110 |    37 ||   147
Invok: Berserk           |     2 |     4 |     7 |     1 ||    14
       Trog's Hand       |       |       |     1 |       ||     1
  Use: Scroll            |       |       |    15 |       ||    15
       Potion            |       |       |     3 |       ||     3
  Eat: Chunk             |     1 |     6 |    15 |       ||    22
       Ration            |     1 |       |     3 |       ||     4
Armor: Animal skin       |    25 |       |       |       ||    25
       Ring mail         |    12 |    23 |       |       ||    35
       Chain mail        |       |    31 |   155 |       ||   186
       Leather armour    |       |    39 |     7 |       ||    46
       Plate armour      |       |       |   162 |    50 ||   212
Dodge: Dodged            |   121 |   185 |   374 |    57 ||   737
       Deflected         |       |       |       |     1 ||     1

Table legend:
 A = Non-vault XP
 B = Vault XP
 C = Vault XP percentage of total XP
 D = Non-vault monster count
 E = Vault monster count
 F = Vault count percentage of total count
                 A         B        C        D         E       F
            +---------+---------+-------+---------+---------+-------
      Total |    4076 |    1073 |  20.8 |     178 |      17 |   8.7
            +---------+---------+-------+---------+---------+-------
        D:1 |      48 |       0 |   0.0 |      29 |       0 |   0.0
        D:2 |      84 |       0 |   0.0 |      26 |       0 |   0.0
        D:3 |      86 |     265 |  75.5 |      20 |       4 |  16.7
        D:4 |     515 |       0 |   0.0 |      21 |       0 |   0.0
        D:5 |     658 |       0 |   0.0 |      21 |       0 |   0.0
        D:6 |     833 |       0 |   0.0 |      22 |       0 |   0.0
        D:7 |     360 |     708 |  66.3 |       7 |      12 |  63.2
        D:8 |    1492 |     100 |   6.3 |      32 |       1 |   3.0
            +---------+---------+-------+---------+---------+-------
